 Dungeon Crawl Stone Soup version 0.28.0-53-g5a82cb258f (webtiles) character file.

Game seed: 17182134033277893546

19762 RUZZLEFAZAZZLE the Grappler (level 12, -9/133 HPs)
             Began as a Troll Monk on Feb 19, 2022.
             Was the Champion of Okawaru.
             Mangled by an ice devil (11 damage)
             ... in an ice cave on July 2, 2022.
             The game lasted 00:35:54 (10614 turns).

RUZZLEFAZAZZLE the Grappler (Troll Monk)           Turns: 10614, Time: 00:35:56

Health: -9/133     AC: 17    Str: 25 (26) XL:     12   Next: 39%
Magic:  11/11      EV: 12    Int: 12      God:    Okawaru [******]
Gold:   1102       SH:  5    Dex: 12 (14) Spells: 11/11 levels left

rFire   x . .      SeeInvis .     - Unarmed
rCold   + + .      Faith    .   (no shield)
rNeg    . . .      Spirit   .   t - +3 ice dragon scales "Ciuwnu" {+Blink rF- rC++}
rPois   .          Reflect  +   (helmet restricted)
rElec   .          Harm     .   c - +2 cloak
rCorr   .          Rampage  .   (gloves unavailable)
Will    .....      Rnd*Tele +   (boots unavailable)
Stlth   ..........              s - amulet of reflection
HPRegen 1.12/turn               k - +4 ring of evasion
MPRegen 0.12/turn               l - +6 ring of intelligence

@: about to teleport
A: large, unfitting armour, claws 3, regeneration 1, shaggy fur 1, tough skin 1,
hooves 1, agile 1, teleportitis 1
a: Renounce Religion, Evoke Blink, Heroism, Finesse, Duel


You were in an ice cave.
You worshipped Okawaru.
Okawaru was exalted by your worship.
You visited 2 branches of the dungeon, and saw 14 of its levels.
You also visited: Ice Cave.

You collected 1143 gold pieces.
You spent 41 gold pieces at shops.

Inventory:

Armour
 c - a +2 cloak (worn)
 i - the +0 robe "Bionilor" {-Cast rC++ Regen+ Slay+3}
   (You found it on level 5 of the Dungeon)

   Slay:      It affects your accuracy & damage with ranged weapons and melee
   (+3).
   rC:        It greatly protects you from cold.
   -Cast:     It prevents spellcasting.
   Regen:     It increases your rate of health regeneration.
 o - +0 steam dragon scales
 t - the +3 ice dragon scales "Ciuwnu" (worn) {+Blink rF- rC++}
   (You acquired it on level 7 of the Dungeon)

   rF:        It makes you vulnerable to fire.
   rC:        It greatly protects you from cold.
   +Blink:    It lets you blink.
 w - +0 acid dragon scales
 C - a +0 troll leather armour
Jewellery
 b - an amulet of guardian spirit
 k - a +4 ring of evasion (left claw)
 l - a +6 ring of intelligence (right claw)
 n - a ring of fire
 s - an amulet of reflection (around neck)
 u - a ring of willpower
 G - a ring of poison resistance
 H - a ring of ice
Wands
 a - a wand of iceblast (20)
 g - a wand of flame (30)
 y - a wand of paralysis (11)
 z - a wand of acid (4)
 D - a wand of mindburst (4)
Scrolls
 e - 11 scrolls of identify
 h - 2 scrolls of fog
 j - 2 scrolls of enchant armour
 p - a scroll of magic mapping
 r - 3 scrolls of teleportation
 v - a scroll of amnesia
 x - a scroll of immolation
 F - a scroll of enchant weapon
Potions
 f - 2 potions of magic
 m - a potion of attraction
 q - 3 potions of brilliance


   Skills:
 + Level 12.6 Fighting
 - Level 2.4 Dodging
 - Level 1.0 Stealth
 + Level 14.8 Unarmed Combat


You had 11 spell levels left.
You didn't know any spells.
Your spell library contained the following spells:

 Spells                   Type           Power      Damage    Failure   Level
 Corpse Rot               Necr/Air       0%         N/A       83%         2
 Poisonous Vapours        Pois/Air       0%         N/A       83%         2
 Confusing Touch          Hex            0%         N/A       96%         3
 Ozocubu's Armour         Ice            0%         N/A       96%         3
 Petrify                  Tmut/Erth      0%         N/A       100%        4
 Metabolic Englaciation   Hex/Ice        0%         N/A       100%        5
 Yara's Violent Unravell  Hex/Tmut       0%         3d3       100%        5
 Statue Form              Tmut/Erth      0%         N/A       100%        6
 Enfeeble                 Hex            0%         N/A       100%        7
 Simulacrum               Ice/Necr       Unusable   N/A       N/A         6

Dungeon Overview and Level Annotations

Branches:
Dungeon (13/15)            Temple (0/1) D:7            Lair (0/6) D:11
    Orc (1/2) D:9          Vaults (0/5) D:13          IceCv (1/1)

Altars:
Elyvilon
Fedhas
Makhleb
Okawaru
Trog
Uskayaw
Xom

Shops:
D:2 *   D:10 :

Annotations:
IceCv exclusion: ice statue


Innate Abilities, Weirdness & Mutations

You are too large for most types of armour.
You have claws for hands.
Your natural rate of healing is unusually fast.
You are covered in fur. (AC +1)
You have tough skin. (AC +1)
You have large cloven feet.
You are agile. (Dex +2)
You are occasionally teleported next to monsters.


Message History

* * * LOW HITPOINT WARNING * * *
The ice devil hits you but does no damage.
The ice beast hits you but does no damage.
The elephant simulacrum tramples you.
* * * LOW HITPOINT WARNING * * *
You hold your ground!
The elephant simulacrum barely misses you.
The ice devil hits you but does no damage.
You claw the elephant simulacrum!
The elephant simulacrum vaporises!
Okawaru accepts your kill.
You are engulfed in freezing vapours.
You resist.
* * * LOW HITPOINT WARNING * * *
You block the ice devil's attack.
You feel better.
You are engulfed in freezing vapours.
You resist.
* * * LOW HITPOINT WARNING * * *
The ice beast closely misses you. The ice devil barely misses you.
The ice devil hits you.
* * * LOW HITPOINT WARNING * * *
The ice devil freezes you. You resist.
* * * LOW HITPOINT WARNING * * *
Unknown command.
Saving game... please wait.
Level annotation: exclusion: ice statue Welcome back, RUZZLEFAZAZZLE the Troll Monk.
Okawaru says: Bring me glory in combat!
Press ? for a list of commands and other information.
You mangle the death yak simulacrum!! You claw the death yak simulacrum!
The death yak simulacrum vaporises!
Okawaru accepts your kill.
You are engulfed in freezing vapours.
You resist.
* * * LOW HITPOINT WARNING * * *
The ice beast hits you but does no damage.
The ice devil hits you.
* * * LOW HITPOINT WARNING * * *
The ice devil freezes you. You resist.
* * * LOW HITPOINT WARNING * * *
As you read the scroll of teleportation, it crumbles to dust.
You feel strangely unstable. The ice devil hits you!
You die...

..## ##.
##..#
.#.Y..##$..#
......#:[..+
....8. )$..#
....○# ...#
#...Y##4°#
#..ZY4@#
###.4Y##
#°°## ####


You could see 3 ice devils, 3 ice beasts and a death yak simulacrum.

Vanquished Creatures
  A boulder beetle (D:11)
  Erolcha (Orc:1)
  2 centaur warriors
  2 two-headed ogres (D:13)
  Urug (D:10)
  A wizard (D:13)
  A necromancer (IceCv)
  A manticore (D:13)
  A rust devil (D:10)
  Maurice (D:10)
  2 unseen horrors
  2 kobold demonologists
  An ice devil (IceCv)
  5 trolls
  2 hornets (D:9)
  5 slime creatures (D:11)
  Sigmund (D:2)
  10 yaks
  3 wraiths
  A wyvern (D:10)
  2 vampires
  3 steam dragons
  2 vampire mosquitoes (D:11)
  A death yak simulacrum (IceCv)
  2 wargs (Orc:1)
  2 acid dragons
  Duvessa (D:4)
  6 water moccasins
  9 orc warriors
  A black bear (D:6)
  3 sky beasts (D:8)
  2 ogres
  8 centaurs
  A hornet zombie (D:7)
  A phantom (D:2)
  2 kobold brigands
  4 bullfrogs (D:11)
  A wyvern zombie (D:5)
  3 cane toad simulacra (IceCv)
  A scorpion (D:5)
  A water moccasin zombie (D:6)
  Dowan (D:4)
  8 killer bees
  3 elephant simulacra (IceCv)
  5 wights
  2 howler monkeys
  6 centaur zombies
  2 jellies
  7 hounds
  9 orc priests
  Crazy Yiuf (D:6)
  3 orc wizards
  An iguana (D:5)
  Natasha (twice) (D:2)
  2 centaur skeletons
  2 polar bear simulacra (IceCv)
  A spriggan simulacrum (IceCv)
  3 wolf simulacra (IceCv)
  2 killer bee zombies
  A howler monkey skeleton (D:4)
  4 gnolls (D:3)
  6 adders
  3 white imps
  An ufetubus (IceCv)
  4 dart slugs
  34 orcs
  4 bats
  5 endoplasms
  3 giant cockroaches
  7 goblins
  11 hobgoblins
  17 jackals
  4 quokkas
  9 ball pythons
  2 frilled lizards
  8 kobolds
  6 rats
  A toadstool (D:10)
290 creatures vanquished.

Vanquished Creatures (others)
  A centaur warrior (D:8)
  A kobold (D:2)
  10 fungi (D:11)
  13 plants (D:11)
  4 toadstools (D:10)
29 creatures vanquished.

Grand Total: 319 creatures vanquished

Notes
Turn   | Place    | Note
-------+----------+-------------------------------------------
     0 | D:1      | RUZZLEFAZAZZLE the Troll Monk began the quest for the Orb.
     0 | D:1      | Reached XP level 1. HP: 22/22 MP: 0/0
    81 | D:1      | Reached XP level 2. HP: 20/29 MP: 1/1
   366 | D:1      | Reached XP level 3. HP: 36/37 MP: 0/2
   871 | D:2      | Found Meisy's Assorted Antiques.
   883 | D:2      | Bought an emerald potion for 19 gold pieces
   883 | D:2      | Bought a scroll labelled KILODA CONAE for 22 gold pieces
   963 | D:2      | Reached skill level 4 in Unarmed Combat
   973 | D:2      | Noticed Natasha
   980 | D:2      | Killed Natasha
   981 | D:2      | Reached XP level 4. HP: 45/45 MP: 3/3
   987 | D:2      | Upgraded the game from 0.28.0-1-gb440e238dd to
                  | 0.28.0-43-g3370ac3207
   987 | D:2      | Upgraded the game from 0.28.0-43-g3370ac3207 to
                  | 0.28.0-47-ge53b351184
  1264 | D:2      | Noticed Sigmund
  1277 | D:2      | Killed Sigmund
  1278 | D:2      | Reached skill level 5 in Unarmed Combat
  1278 | D:2      | Reached XP level 5. HP: 32/54 MP: 1/4
  1340 | D:2      | Noticed Natasha
  1369 | D:2      | Killed Natasha
  1370 | D:2      | Reached XP level 6. HP: 63/63 MP: 5/5
  1674 | D:3      | Upgraded the game from 0.28.0-47-ge53b351184 to
                  | 0.28.0-53-g5a82cb258f
  1679 | D:3      | Found a bloodstained altar of Trog.
  2481 | D:4      | Gained mutation: You are agile. (Dex +2) [potion of
                  | mutation]
  2481 | D:4      | Gained mutation: Your magical capacity is low. (-10% MP)
                  | [potion of mutation]
  2742 | D:4      | Noticed Dowan
  2743 | D:4      | Noticed Duvessa
  2766 | D:4      | Killed Duvessa
  2767 | D:4      | Reached skill level 5 in Fighting
  2767 | D:4      | Reached skill level 6 in Unarmed Combat
  2767 | D:4      | Reached XP level 7. HP: 35/72 MP: 1/5
  2792 | D:4      | Killed Dowan
  2872 | D:4      | Found the +8 orange crystal plate armour {Archmagi, Int+3
                  | Clar}
  3042 | D:5      | Entered Level 5 of the Dungeon
  3169 | D:5      | Reached skill level 7 in Unarmed Combat
  3240 | D:5      | Reached XP level 8. HP: 83/83 MP: 4/6
  3571 | D:5      | Found a hide-covered altar of Uskayaw.
  3582 | D:5      | Identified the +0 robe "Bionilor" {-Cast rC++ Regen+
                  | Slay+3}
  3991 | D:6      | Reached skill level 8 in Unarmed Combat
  4104 | D:6      | Found a blossoming altar of Fedhas.
  4275 | D:6      | Found a runed translucent door.
  4276 | D:6      | Noticed Crazy Yiuf
  4281 | D:6      | Killed Crazy Yiuf
  4675 | D:7      | Found an iron altar of Okawaru.
  4686 | D:7      | Reached XP level 9. HP: 91/93 MP: 7/7
  4695 | D:7      | Reached skill level 9 in Unarmed Combat
  4718 | D:7      | Identified a scroll of acquirement
  4718 | D:7      | Acquired the +3 ice dragon scales "Ciuwnu" {+Blink rF-
                  | rC++}
  4736 | D:7      | Became a worshipper of Warmaster Okawaru
  4736 | D:7      | Reached * piety under Okawaru
  4736 | D:7      | Reached ** piety under Okawaru
  5004 | D:7      | Found a staircase to the Ecumenical Temple.
  5399 | D:8      | Noticed a centaur warrior
  5399 | D:8      | Found a shimmering altar of Xom.
  5403 | D:8      | Killed a centaur warrior
  5404 | D:8      | Paralysed by a hornet for 2 turns
  5566 | D:9      | Reached *** piety under Okawaru
  5567 | D:9      | Reached skill level 10 in Unarmed Combat
  6225 | D:9      | Reached XP level 10. HP: 104/107 MP: 8/8
  6282 | D:9      | Found a staircase to the Orcish Mines.
  6356 | D:9      | Reached skill level 11 in Unarmed Combat
  6652 | D:9      | Reached **** piety under Okawaru
  6922 | D:10     | Entered Level 10 of the Dungeon
  6973 | D:10     | Noticed a centaur warrior
  6988 | D:10     | Killed a centaur warrior
  6989 | D:10     | Reached skill level 10 in Fighting
  7084 | D:10     | Reached skill level 12 in Unarmed Combat
  7150 | D:10     | Noticed Urug
  7160 | D:10     | Killed Urug
  7160 | D:10     | Reached ***** piety under Okawaru
  7338 | D:10     | Noticed a rust devil
  7339 | D:10     | Found a burning altar of Makhleb.
  7353 | D:10     | Killed a rust devil
  7354 | D:10     | Reached XP level 11. HP: 119/119 MP: 8/8
  7457 | D:10     | Found Seph's Book Shop.
  7590 | D:11     | Noticed Maurice
  7616 | D:10     | Killed Maurice
  7753 | D:11     | Noticed a boulder beetle
  7763 | D:11     | Received a gift from Okawaru
  7764 | D:11     | Reached skill level 13 in Unarmed Combat
  7773 | D:11     | Found a staircase to the Lair.
  7776 | D:11     | Killed a boulder beetle
  7889 | D:11     | Found a white marble altar of Elyvilon.
  8793 | D:12     | Reached ****** piety under Okawaru
  8821 | D:12     | Received a gift from Okawaru
  8829 | D:12     | Noticed a six-headed hydra
  8834 | D:12     | Noticed a brown ugly thing
  8943 | D:13     | Noticed a centaur warrior
  8954 | D:13     | Killed a centaur warrior
  8955 | D:13     | Reached skill level 14 in Unarmed Combat
  9072 | D:13     | Noticed a two-headed ogre
  9077 | D:13     | Killed a two-headed ogre
  9078 | D:13     | Reached XP level 12. HP: 114/132 MP: 9/9
  9749 | D:13     | Found a gate to the Vaults.
  9749 | D:13     | Noticed a two-headed ogre
  9759 | D:13     | Killed a two-headed ogre
 10389 | D:9      | Lost mutation: You are agile. (Dex +2) [potion of mutation]
 10389 | D:9      | Lost mutation: Your magical capacity is low. (-10% MP)
                  | [potion of mutation]
 10389 | D:9      | Gained mutation: You are occasionally teleported next to
                  | monsters. [potion of mutation]
 10389 | D:9      | Gained mutation: You are agile. (Dex +2) [potion of
                  | mutation]
 10389 | D:9      | Gained mutation: You have large cloven feet. [potion of
                  | mutation]
 10394 | Orc:1    | Entered Level 1 of the Orcish Mines
 10404 | Orc:1    | Noticed Erolcha
 10420 | Orc:1    | Killed Erolcha
 10555 | Orc:1    | Found a frozen archway.
 10562 | IceCv    | Entered an ice cave
 10613 | IceCv    | HP: 1/133 [ice devil (6)]
 10614 | IceCv    | Mangled by an ice devil

Illustrated notes

Levels and vault maps discovered:
D:1:      saegor_arrival_simple_a, layout_basic
D:2:      layout_basic, serial_shops, nicolae_shop_advertising_works
          [nicolae_subvault_shop_adworks], uniq_sigmund, uniq_natasha
D:3:      layout_loops_corners, mainiacjoe_overflow_chevrons
D:4:      nicolae_cairo_tiling_large_dashed, layout_rooms, uniq_duvessa
D:5:      layout_loops_ring, nicolae_overflow_hidden_temple, fountainhead,
          amcnicky_mini_rare_corridor_liquid
D:6:      layout_gridville, mainiacjoe_overflow_surrounded_room,
          kennysheep_path_1, minmay_stone_trees_small, corexii_checkpoint_a,
          uniq_crazy_yiuf_cottage
D:7:      layout_basic, okawaru_gym_becter, temple_doors_ab,
          roderic_serpentine_path
D:8:      layout_rooms, xom_confusion_cloud, hangedman_misty_isle
D:9:      layout_basic, david_orc_2
D:10:     layout_rooms, demons_altar, serial_shops, kennysheep_mini,
          minmay_gold_behind_fungi, minmay_microvault, uniq_urug
D:11:     layout_grid_maze, due_lair_maze_entry_diamond,
          nicolae_elyvilon_peaceful_grove, uniq_maurice
D:12:     old_forge, layout_irregular_city
D:13:     layout_loops_corners, david_vaults_1, serial_co_window_serial,
          co_window_paths_a, co_window_corner_a, co_window_paths_a,
          co_window_of_opportunity_a, co_window_of_opportunity_a,
          co_window_corner_cb, co_window_unsneaky_path_d,
          co_window_of_opportunity_b, co_window_unsneaky_path_d, co_window_sun,
          glass_columns_c, glass_columns_b, glass_columns_b, glass_columns_b,
          glass_columns_a, kennysheep_generic_room_12
Orc:1:    layout_diamond_mine, portal_ice_cave_entry_pillars_2,
          kennysheep_orc_chapel, uniq_snorg, uniq_sonja, uniq_erolcha
IceCv:    ice_cave_small_necro

Skill      XL: |  1  2  3  4  5  6  7  8  9 10 11 |
---------------+----------------------------------+-----
Fighting       | 3 4 5 6 7 9 10 12 | 12.6
Unarmed Combat | 4 5 6 7 8 10 12 14 | 14.8
Dodging        | |  2.4
Stealth        | |  1.0

Action                   |  1- 3 |  4- 6 |  7- 9 | 10-12 || total
-------------------------+-------+-------+-------+-------++-------
Melee: Unarmed           |   118 |   143 |   257 |   411 ||   929
       Punch             |     1 |     6 |    17 |    34 ||    58
       Kick              |       |       |       |    22 ||    22
  Use: Scroll            |     3 |     2 |    10 |     3 ||    18
       Potion            |     1 |     4 |     7 |     5 ||    17
 Stab: Sleeping          |     4 |     3 |     2 |       ||     9
       Distracted        |       |     1 |     1 |       ||     2
Armor: Robe              |    43 |    54 |    40 |       ||   137
       Ice dragon scales |       |       |    62 |   234 ||   296
Dodge: Dodged            |    59 |    85 |   160 |   262 ||   566
Block: Other             |       |       |     8 |    88 ||    96
       Reflection        |       |       |     2 |     5 ||     7
